 Dungeon Crawl Stone Soup version 0.21.1-1-g345015f (webtiles) character file.

279 empire the Ducker (level 6, -1/50 HPs)
             Began as a Gnoll Gladiator on Apr 6, 2018.
             Splashed by Ijyb's acid (14 damage)
             ... on level 3 of the Dungeon.
             The game lasted 00:05:13 (2438 turns).

empire the Ducker (Gnoll Gladiator)                 Turns: 2438, Time: 00:05:14

Health: -1/50      AC:  4    Str: 18    XL:     6   Next: 26%
Magic:  8/8        EV: 15    Int: 13    God:
Gold:   163        SH:  0    Dex: 17    Spells: 8/8 levels left

rFire    . . .     SeeInvis .   a - +0 war axe
rCold    . . .     Gourm    .   (no shield)
rNeg     . . .     Faith    .   q - +0 ring mail
rPois    .         Spirit   .   x - +1 helmet {Int+3}
rElec    .         Reflect  .   u - +0 cloak
rCorr    .         Harm     .   (no gloves)
MR       .....                  (no boots)
Stlth    +.........             (no amulet)
HPRegen  0.16/turn              (no ring)
MPRegen  0.11/turn              (no ring)

@: lethally poisoned (-1 -> -3), corroded
A: distributed training, fangs 1, strong nose
a: no special abilities


You were on level 3 of the Dungeon.
You were not hungry.

You visited 1 branch of the dungeon, and saw 3 of its levels.

You collected 163 gold pieces.

Inventory:

Hand Weapons
 a - a +0 war axe (weapon)
Missiles
 d - 3 throwing nets
 m - 31 arrows
 n - 13 bolts
 p - 19 poisoned needles
 w - 8 tomahawks (quivered)
Armour
 e - a +0 shield
 q - a +0 ring mail (worn)
 u - a +0 cloak (worn)
 x - a +1 helmet of intelligence (worn)
Scrolls
 b - a scroll of teleportation {unknown}
 i - a scroll of identify
 l - 2 scrolls of magic mapping {unknown}
 o - a scroll of remove curse {unknown}
 r - a scroll of fog {unknown}
 s - a scroll of enchant weapon {unknown}
 t - a scroll of fear {unknown}
Potions
 g - a potion of brilliance
 h - a potion of curing
 j - a potion of mutation
 k - 3 potions of lignification
Comestibles
 f - 7 rations
 v - 11 chunks of flesh


   Skills:
 + Level 4.9 Fighting
 + Level 1.8 Short Blades
 + Level 1.8 Long Blades
 + Level 6.8 Axes
 + Level 1.8 Maces & Flails
 + Level 1.8 Polearms
 + Level 1.8 Staves
 + Level 1.8 Slings
 + Level 1.8 Bows
 + Level 1.8 Crossbows
 + Level 4.9 Throwing
 + Level 1.8 Armour
 + Level 6.8 Dodging
 + Level 1.8 Stealth
 + Level 1.8 Shields
 + Level 1.8 Unarmed Combat
 + Level 1.8 Spellcasting
 + Level 1.4 Conjurations
 + Level 1.4 Hexes
 + Level 1.4 Charms
 + Level 1.4 Summonings
 + Level 1.4 Necromancy
 + Level 1.4 Translocations
 + Level 1.4 Transmutations
 + Level 1.4 Fire Magic
 + Level 1.4 Ice Magic
 + Level 1.4 Air Magic
 + Level 1.4 Earth Magic
 + Level 1.4 Poison Magic
 + Level 2.0 Invocations
 + Level 1.8 Evocations


You had 8 spell levels left.
You didn't know any spells.

Dungeon Overview and Level Annotations

Branches:
Dungeon (3/15)

Altars:

Annotations:
D:2 1 runed door
D:3 Ijyb


Innate Abilities, Weirdness & Mutations

Your experience applies equally to all skills.
You have very sharp teeth.
Your uncanny sense of smell can sniff out nearby items.


Message History

You barely miss the adder. The adder closely misses you.
Ijyb barely misses you. The adder bites you. Ijyb closely misses you.
You closely miss Ijyb.
Ijyb is heavily wounded.
You hit the adder.
You feel sick. The adder closely misses you. Ijyb barely misses you.
You closely miss Ijyb. You bite Ijyb, but do no damage.
Ijyb is heavily wounded.
You slash the adder!
You kill the adder!
Ijyb completely misses you.
You hit Ijyb but do no damage.
Ijyb is heavily wounded.
Ijyb hits you but does no damage.
You slash Ijyb! You bite Ijyb, but do no damage.
Ijyb is severely wounded.
Ijyb zaps a wand.
The bolt of acid hits you!
* * * LOW HITPOINT WARNING * * *
You are splashed with acid!
The acid burns!
You die...

..........#####....#.#
..........# #....#.#
..........#
#......########
..........#
####.#........#
..........#
#.########.#
..........# ##.##
..........# #...# ..
#####...+ ∆ ..
#..g@...# ...
#...†...# ...
#.....### .... #..%..#
.... #%....# ....
#.....# .... #.....#
.... ####### ....


You could see Ijyb.

Vanquished Creatures
  The ghost of troglodite the Sneak, an amateur SpAs (D:3)
  Jessica (D:2)
  Natasha (thrice) (D:2)
  Robin (D:3)
  3 adders
  3 worms (D:2)
  A leopard gecko (D:1)
  4 orcs (D:3)
  A ball python (D:1)
  5 bats
  2 giant cockroaches
  7 goblins
  13 hobgoblins
  10 kobolds
  2 quokkas
  3 frilled lizards
  5 rats
65 creatures vanquished.

Vanquished Creatures (others)
  4 toadstools (D:1)
4 creatures vanquished.

Grand Total: 69 creatures vanquished

Notes
Turn   | Place    | Note
-------+----------+-------------------------------------------
     0 | D:1      | empire the Gnoll Gladiator began the quest for the Orb.
     0 | D:1      | Reached XP level 1. HP: 20/20 MP: 1/1
    93 | D:1      | Reached XP level 2. HP: 26/26 MP: 2/2
   433 | D:2      | Reached XP level 3. HP: 31/31 MP: 3/3
   792 | D:2      | Noticed Jessica
   804 | D:2      | Killed Jessica
   804 | D:2      | Reached skill level 1 in Short Blades
   804 | D:2      | Reached skill level 1 in Long Blades
   804 | D:2      | Reached skill level 1 in Maces & Flails
   804 | D:2      | Reached skill level 1 in Polearms
   804 | D:2      | Reached skill level 1 in Staves
   804 | D:2      | Reached skill level 1 in Slings
   804 | D:2      | Reached skill level 1 in Bows
   804 | D:2      | Reached skill level 1 in Crossbows
   804 | D:2      | Reached skill level 1 in Armour
   804 | D:2      | Reached skill level 1 in Stealth
   804 | D:2      | Reached skill level 1 in Shields
   804 | D:2      | Reached skill level 1 in Unarmed Combat
   804 | D:2      | Reached skill level 1 in Spellcasting
   804 | D:2      | Reached skill level 1 in Invocations
   804 | D:2      | Reached skill level 1 in Evocations
   804 | D:2      | Reached XP level 4. HP: 21/38 MP: 5/5
  1071 | D:2      | Noticed Natasha
  1079 | D:2      | Killed Natasha
  1079 | D:2      | Reached skill level 1 in Conjurations
  1079 | D:2      | Reached skill level 1 in Hexes
  1079 | D:2      | Reached skill level 1 in Charms
  1079 | D:2      | Reached skill level 1 in Summonings
  1079 | D:2      | Reached skill level 1 in Necromancy
  1079 | D:2      | Reached skill level 1 in Translocations
  1079 | D:2      | Reached skill level 1 in Transmutations
  1079 | D:2      | Reached skill level 1 in Fire Magic
  1079 | D:2      | Reached skill level 1 in Ice Magic
  1079 | D:2      | Reached skill level 1 in Air Magic
  1079 | D:2      | Reached skill level 1 in Earth Magic
  1079 | D:2      | Reached skill level 1 in Poison Magic
  1258 | D:2      | Noticed Natasha
  1272 | D:2      | Killed Natasha
  1272 | D:2      | Reached XP level 5. HP: 22/43 MP: 5/7
  1287 | D:2      | Noticed Natasha
  1294 | D:2      | Killed Natasha
  1472 | D:2      | Found a runed door.
  2284 | D:3      | Noticed troglodite's ghost (amateur SpAs)
  2285 | D:3      | Noticed Robin
  2297 | D:3      | Killed Robin
  2300 | D:3      | Killed troglodite's ghost
  2300 | D:3      | Reached XP level 6. HP: 38/50 MP: 8/8
  2427 | D:3      | Noticed Ijyb
  2438 | D:3      | Splashed by Ijyb's acid

Skill      XL: |  1  2  3  4  5 |
---------------+----------------+-----
Short Blades   | 1 |  1.8
Long Blades    | 1 |  1.8
Maces & Flails | 1 |  1.8
Polearms       | 1 |  1.8
Staves         | 1 |  1.8
Slings         | 1 |  1.8
Bows           | 1 |  1.8
Crossbows      | 1 |  1.8
Armour         | 1 |  1.8
Stealth        | 1 |  1.8
Shields        | 1 |  1.8
Unarmed Combat | 1 |  1.8
Spellcasting   | 1 |  1.8
Invocations    | 1 2 |  2.0
Evocations     | 1 |  1.8
Conjurations   | 1 |  1.4
Hexes          | 1 |  1.4
Charms         | 1 |  1.4
Summonings     | 1 |  1.4
Necromancy     | 1 |  1.4
Translocations | 1 |  1.4
Transmutations | 1 |  1.4
Fire Magic     | 1 |  1.4
Ice Magic      | 1 |  1.4
Air Magic      | 1 |  1.4
Earth Magic    | 1 |  1.4
Poison Magic   | 1 |  1.4
Fighting       | |  4.9
Axes           | |  6.8
Throwing       | |  4.9
Dodging        | |  6.8

Action                   |  1- 3 |  4- 6 || total
-------------------------+-------+-------++-------
Melee: War axe           |    71 |    78 ||   149
       Bite              |    11 |    11 ||    22
  Use: Potion            |       |     4 ||     4
       Scroll            |       |     2 ||     2
 Stab: Sleeping          |     1 |     2 ||     3
  Eat: Chunk             |       |     5 ||     5
Armor: Leather armour    |    14 |       ||    14
       Ring mail         |     1 |    25 ||    26
Dodge: Dodged            |    60 |    95 ||   155
